 Dungeon Crawl Stone Soup version 0.18.1-5-g4a78601 (webtiles) character file.

51 MDvedh the Magician (level 3, -2/24 HPs)
             Began as a Mummy Wizard on May 9, 2016.
             Slain by an adder (3 damage)
             ... on level 2 of the Dungeon.
             The game lasted 00:03:51 (2469 turns).

MDvedh the Magician (Mummy Wizard)                  Turns: 2469, Time: 00:03:54

Health: -2/24      AC:  2    Str: 10    XL:     3   Next: 58%
Magic:  0/8        EV: 12    Int: 18    God:
Gold:   46         SH:  0    Dex: 10    Spells: 3 memorised, 3 levels left

rFire  x . .     SeeInvis .     f - +0 short sword
rCold  + . .     Gourm    .     a - +0 robe
rNeg   + + +     Faith    .     (no shield)
rPois  ∞         Spirit   .     b - +0 hat
rElec  .         Dismiss  .     (no cloak)
rCorr  .         Reflect  .     (no gloves)
SustAt .         Harm     .     (no boots)
MR     .....                    (no amulet)
Stlth  ++........               (no ring)
                                (no ring)

@: not resistant to hostile enchantments, unstealthy
A: no food or potions, fire vulnerability, cold resistance 1, negative energy
resistance 3, torment resistance, unbreathing
a: no special abilities


You were on level 2 of the Dungeon.
You were not hungry.

You visited 1 branch of the dungeon, and saw 2 of its levels.

You collected 46 gold pieces.

Inventory:

Hand Weapons
 f - a +0 short sword (weapon)
Armour
 a - a +0 robe (worn)
 b - a +0 hat (worn)
Jewellery
 e - an uncursed ring of flight {unknown}
Scrolls
 d - a scroll of noise {unknown}
Books
 c - a book of Minor Magic

   Spells                             Type                      Level
   a - Magic Dart                     Conjuration                  1
   b - Blink                          Translocation                2
   c - Call Imp                       Summoning                    2
   d - Repel Missiles                 Charms/Air                   2
   e - Slow                           Hexes                        2
   f - Conjure Flame                  Conjuration/Fire             3
   g - Mephitic Cloud                 Conjuration/Poison/Air       3


   Skills:
 - Level 1.5 Dodging
 - Level 1.5 Stealth
 + Level 3.5 Spellcasting
 * Level 2.2 Conjurations
 - Level 0.7 Summonings
   Level 0.7 Translocations


You had 3 spell levels left.
You knew the following spells:

 Your Spells              Type           Power        Failure   Level  Hunger
a - Magic Dart            Conj           ##..         8%          1    N/A
b - Call Imp              Summ           #.......     17%         2    N/A
c - Mephitic Cloud        Conj/Pois/Air  #.......     34%         3    N/A

Dungeon Overview and Level Annotations

Branches:
Dungeon (2/15)

Altars:


Innate Abilities, Weirdness & Mutations

You do not eat or drink.
Your flesh is vulnerable to fire.
You are immune to poison.
Your flesh is cold resistant.
You are immune to negative energy.
You are immune to unholy pain and torment.
You can survive without breathing.


Message History

You hit the adder.
The adder is heavily wounded.
The adder bites you but does no damage.
Your magical contamination has completely faded away.
You barely miss the adder.
The adder is heavily wounded.
The adder bites you but does no damage.
Your crimson imp blinks!
The adder completely misses you.
You miss the adder.
The adder is moderately wounded.
The adder bites you.
* * * LOW HITPOINT WARNING * * *
You hit the adder.
The adder is severely wounded.
Your crimson imp disappears in a puff of smoke!
The adder bites you.
* * * LOW HITPOINT WARNING * * *
The adder bites you.
You die...

####........
..#......?.
#.#....(...
#.#........
#..........
##†###+####
##.###
#.S..#
#.@§.#.#
#....#.# .
#....#.# ..
#....#.# ...
####†#.##...
#.#......
#...#
##..#######
#.>##....#.#


You could see an adder.

Vanquished Creatures
  An adder (D:2)
  A dart slug (D:1)
  A giant gecko (D:2)
  4 giant cockroaches (D:1)
  4 goblins (D:1)
  9 hobgoblins
  3 bats (D:1)
  5 giant newts (D:1)
  4 kobolds
  5 rats (D:1)
37 creatures vanquished.

Notes
Turn   | Place    | Note
--------------------------------------------------------------
     0 | D:1      | MDvedh the Mummy Wizard began the quest for the Orb.
     0 | D:1      | Reached XP level 1. HP: 13/13 MP: 4/4
   499 | D:1      | Reached skill level 1 in Conjurations
   736 | D:1      | Reached XP level 2. HP: 12/19 MP: 0/6
   867 | D:1      | Learned a level 2 spell: Call Imp
  1781 | D:1      | Reached XP level 3. HP: 24/24 MP: 3/7
  1813 | D:1      | Learned a level 3 spell: Mephitic Cloud
  2469 | D:2      | HP: 1/24 [adder (2)]
  2469 | D:2      | Slain by an adder

Skill      XL: |  1  2  3 |
---------------+----------+-----
Conjurations   | 1 2 |  2.2
Dodging        | |  1.5
Stealth        | |  1.5
Spellcasting   | |  3.5
Summonings     | |  0.7
Translocations | |  0.7

Action                   || total
-------------------------++-------
Melee: Unarmed           ||    29
       Short sword       ||    53
 Cast: Magic Dart        ||    81
       Call Imp          ||     1
 Stab: Sleeping          ||     2
Armor: Robe              ||    21
Dodge: Dodged            ||    82
